 Dungeon Crawl Stone Soup version 0.28.0-53-g5a82cb258f (webtiles) character file.

Game seed: 11402093620074790875

2800 H0rd4k the Chopper (level 10, -4/73 HPs)
             Began as a Human Artificer on May 31, 2022.
             Was an Initiate of Gozag.
             Slain by an orc warrior
             ... wielding a +0 glaive
              (17 damage)
             ... in a bailey.
             The game lasted 00:14:08 (10051 turns).

H0rd4k the Chopper (Human Artificer)               Turns: 10051, Time: 00:14:08

Health: -4/73      AC:  4    Str: 13    XL:     10   Next: 2%
Magic:  15/15      EV: 14    Int: 15    God:    Gozag
Gold:   702        SH:  0    Dex: 17    Spells: 10/16 levels left

rFire   + . .      SeeInvis .   r - +8 hand axe "H0rd4k's Death" {venom, Contam Dex+3}
rCold   + . .      Faith    .   (no shield)
rNeg    . . .      Spirit   .   b - +0 leather armour
rPois   .          Reflect  .   h - +0 helmet
rElec   .          Harm     .   x - scarf {rC+ rF+}
rCorr   .          Rampage  .   (no gloves)
Will    +....                   (no boots)
Stlth   ++........              m - amulet of magic regeneration
HPRegen 0.22/turn               p - ring of willpower
MPRegen 0.54/turn               (no ring)

@: no status effects
A: no striking features
a: Renounce Religion, Potion Petition, Call Merchant, Bribe Branch


You were in a bailey.
You worshipped Gozag.
Gozag was pleased with you.
You visited 2 branches of the dungeon, and saw 8 of its levels.
You also visited: Bailey.

You collected 783 gold pieces.
You paid 81 gold pieces to Gozag.

Inventory:

Hand Weapons
 r - the +8 hand axe "H0rd4k's Death" (weapon) {venom, Contam Dex+3}
   (You found it on level 6 of the Dungeon)

   It poisons the flesh of those it strikes.
   Dex:       It affects your dexterity (+3).
   Contam:    It causes magical contamination when unequipped.
Missiles
 t - 7 curare-tipped darts
 y - 2 throwing nets
Armour
 b - a +0 leather armour (worn)
 h - a +0 helmet (worn)
 x - a scarf of resistance (worn)
 z - an orb of light
Jewellery
 l - an amulet of reflection
 m - an amulet of magic regeneration (around neck)
 p - a ring of willpower (left hand)
Wands
 d - a wand of charming (5)
 v - a wand of mindburst (21)
Scrolls
 a - a scroll of vulnerability {unknown}
 c - a scroll of fear {unknown}
 f - 2 scrolls of noise {unknown}
 k - 5 scrolls of teleportation
 n - a scroll of immolation {unknown}
 o - 3 scrolls of brand weapon
 s - a scroll of holy word {unknown}
 u - a scroll of amnesia {unknown}
 A - a scroll of torment {unknown}
 B - a scroll of summoning {unknown}
 G - 2 scrolls of enchant armour
 H - 5 scrolls of enchant weapon
Potions
 g - a potion of might {unknown}
 i - 4 potions of haste
 j - a potion of degeneration
 q - a potion of curing
 w - a potion of lignification
 C - a potion of mutation {unknown}
 D - a potion of experience
 E - 2 potions of heal wounds {unknown}
 F - 4 potions of magic {unknown}
Miscellaneous
 e - a piece from Xom's chessboard (15/15)


   Skills:
 + Level 4.5 Fighting
 + Level 7.0(7.2) Axes
 + Level 2.1(4.9) Maces & Flails
 - Level 2.0 Armour
 + Level 5.0 Dodging
 - Level 1.0 Stealth
 * Level 3.9 Spellcasting
 + Level 3.3 Hexes
 + Level 3.7 Poison Magic
 + Level 4.8 Evocations


You had 10 spell levels left.
You knew the following spells:

 Your Spells              Type           Power      Damage    Failure   Level
a - Sting                 Tmut/Pois      32%        1d4       11%         1
b - Tukima's Dance        Hex            13%        N/A       17%         3
c - Poisonous Vapours     Pois/Air       16%        N/A       16%         2

Your spell library contained the following spells:

 Spells                   Type           Power      Damage    Failure   Level
 Corpse Rot               Necr/Air       4%         N/A       34%         2
 Static Discharge         Conj/Air       2%         N/A       34%         2
 Passage of Golubria      Tloc           2%         N/A       93%         4
 Alistair's Intoxication  Tmut/Pois      5%         N/A       96%         5
 Yara's Violent Unravell  Hex/Tmut       4%         3d4       97%         5
 Borgnjor's Vile Clutch   Necr/Erth      1%         N/A       100%        5
 Lightning Bolt           Conj/Air       1%         1d12      100%        5
 Eringya's Noxious Bog    Tmut/Pois      4%         N/A       100%        6
 Maxwell's Capacitive Co  Air            1%         ∞         100%        8


Dungeon Overview and Level Annotations

Branches:
Dungeon (7/15)             Temple (1/1) D:5          Bailey (1/1)

Altars:
Ashenzari
Cheibriados
Dithmenos
Elyvilon
Gozag
Kikubaaqudgha
Makhleb
Nemelex Xobeh
Qazlal
Ru
Trog
Uskayaw
Vehumet
Xom
Yredelemnul
Zin
The Shining One

Shops:
D:1 [   D:5 :

Annotations:
D:2 exclusion: 2 downstairs
D:3 exclusion: 2 downstairs
D:5 exclusion: downstairs


Message History

a +0 ring mail; a +0 trident Key pressed, stopping explore.
Things that are here:
a +0 spear; a +0 scale mail
There is an open gate, spattered with blood here.
Items here: )) [[.
An orc warrior comes into view. It is wielding a +0 glaive.
An orc warrior is nearby!
An orc warrior is nearby!
The orc warrior moves out of view.
There is an open gate, spattered with blood here.
Items here: )) [[.
The orc warrior barely misses you.
The orc warrior hits you with a +0 glaive!!
You hit the orc warrior.
The orc warrior is poisoned.
The orc warrior is lightly wounded.
The orc warrior hits you with a +0 glaive.
You slash the orc warrior!
The orc warrior looks even sicker.
The orc warrior is moderately wounded.
The orc warrior hits you with a +0 glaive.
You hit the orc warrior but do no damage.
The orc warrior looks as sick as possible!
The orc warrior is moderately wounded.
The orc warrior hits you with a +0 glaive!!
You hit the orc warrior.
The orc warrior looks as sick as possible!
The orc warrior is severely wounded.
The orc warrior hits you with a +0 glaive.
* * * LOW HITPOINT WARNING * * *
You hit the orc warrior but do no damage.
The orc warrior looks as sick as possible!
The orc warrior is severely wounded.
The orc warrior hits you with a +0 glaive!
* * * LOW HITPOINT WARNING * * *
You feel better.
The orc warrior hits you with a +0 glaive.
* * * LOW HITPOINT WARNING * * *
The orc warrior hits you from afar with a +0 glaive!
You die...
Your body crumbles into a pile of gold.

##### ####### #####
.....#########.....## ##..[[
o.....#.....#....[..######...[)
...#..'.....'...##.)#))..#....#
.o....'.....o.@..8.))))).')....
...#o.'.....[..)##..#)...#....#
......#.....#....[..######.....
.....#########.....## ##....
##### ####### #####


You could see an orc warrior (extremely poisoned).

Vanquished Creatures
  An orc knight (Bailey)
  2 centaur zombies
  A sky beast (D:7)
  An ice beast (D:4)
  2 orc warriors (Bailey)
  3 black bears
  An ogre (D:6)
  A centaur (D:5)
  A kobold brigand (D:6)
  2 scorpions
  A hound (D:4)
  2 jellies
  A centaur skeleton (D:4)
  An orc priest (D:3)
  2 iguanas
  3 orc wizards
  2 howler monkey zombies
  A howler monkey skeleton (D:7)
  9 gnolls
  11 adders
  An ufetubus (D:5)
  A worm (D:2)
  A dart slug (D:3)
  29 orcs
  8 bats
  5 endoplasms
  3 giant cockroaches
  5 goblins
  3 hobgoblins
  10 jackals
  10 kobolds
  6 quokkas
  4 ball pythons
  4 frilled lizards
  3 rats (D:1)
141 creatures vanquished.

Vanquished Creatures (collateral kills)
  An orc warrior (Bailey)
  An orc priest (D:3)
  10 orcs
  A hobgoblin (D:3)
  A kobold (D:6)
14 creatures vanquished.

Vanquished Creatures (others)
  An orc knight (Bailey)
  A hound (D:6)
  An orc priest (D:6)
  An orc (D:3)
  A fungus (D:1)
5 creatures vanquished.

Grand Total: 160 creatures vanquished

Notes
Turn   | Place    | Note
-------+----------+-------------------------------------------
     0 | D:1      | H0rd4k the Human Artificer began the quest for the Orb.
     0 | D:1      | Reached XP level 1. HP: 15/15 MP: 1/1
   299 | D:1      | Found Feonog's Antique Armour Shoppe.
   400 | D:1      | Found a faded altar of an unknown god.
   424 | D:1      | Reached XP level 2. HP: 9/21 MP: 2/2
   620 | D:1      | Got Plato's Disquisition on Venom
  1381 | D:2      | Reached XP level 3. HP: 26/26 MP: 3/3
  1676 | D:2      | Reached skill level 1 in Maces & Flails
  1920 | D:2      | Reached XP level 4. HP: 29/32 MP: 4/4
  2832 | D:3      | Reached XP level 5. HP: 28/38 MP: 5/5
  3634 | D:3      | You fall into a shaft and drop 3 floors!
  3634 | D:6      | Found a sparkling altar of Nemelex Xobeh.
  3711 | D:6      | Noticed a kobold brigand
  3734 | D:6      | Identified the +8 hand axe "H0rd4k's Death" {venom, Contam
                  | Dex+3}
  3986 | D:6      | Noticed a black bear
  4017 | D:5      | Entered Level 5 of the Dungeon
  4017 | D:5      | Found Revonuic's Book Shoppe.
  4116 | D:4      | Noticed an ice beast
  4270 | D:3      | Reached XP level 6. HP: 32/44 MP: 6/6
  4463 | D:3      | Reached skill level 1 in Axes
  4744 | D:3      | Learned a level 1 spell: Sting
  4748 | D:3      | Learned a level 3 spell: Tukima's Dance
  5284 | D:3      | Reached skill level 1 in Poison Magic
  5577 | D:5      | Reached XP level 7. HP: 39/51 MP: 8/8
  5747 | D:5      | Found a staircase to the Ecumenical Temple.
  5756 | Temple   | Entered the Ecumenical Temple
  5946 | Temple   | Became a worshipper of Gozag Ym Sagoz the Greedy
  5971 | D:5      | Reached skill level 2 in Axes
  5971 | D:5      | Reached skill level 1 in Spellcasting
  6084 | D:5      | Reached skill level 1 in Hexes
  6530 | D:5      | Reached skill level 3 in Axes
  6714 | D:5      | Found a sacrificial altar of Ru.
  6927 | D:5      | Reached skill level 4 in Axes
  6927 | D:5      | Reached XP level 8. HP: 7/58 MP: 9/11
  7617 | D:6      | Found a broken altar of Ashenzari.
  7689 | D:6      | Found a burning altar of Makhleb.
  7803 | D:6      | Found a shadowy altar of Dithmenos.
  7803 | D:6      | Found a glowing silver altar of Zin.
  8021 | D:6      | Reached skill level 5 in Axes
  8021 | D:6      | Reached XP level 9. HP: 16/64 MP: 12/12
  8881 | D:6      | Learned a level 2 spell: Poisonous Vapours
  9203 | D:7      | Found a flagged portal.
  9217 | D:7      | Reached skill level 6 in Axes
  9225 | Bailey   | Entered a bailey
  9633 | Bailey   | Noticed an orc knight
  9668 | Bailey   | Noticed an orc knight
  9685 | Bailey   | Killed an orc knight
  9686 | Bailey   | Reached skill level 5 in Dodging
  9775 | Bailey   | Reached skill level 7 in Axes
  9775 | Bailey   | Reached XP level 10. HP: 25/73 MP: 15/15
 10051 | Bailey   | Slain by an orc warrior

Illustrated notes

Levels and vault maps discovered:
D:1:      nzn_arrival_crosshair, layout_loops_ring, serial_shops,
          nicolae_shop_trees, shapermc_ecumenical_altar_rom_forum
D:2:      layout_loops_ring
D:3:      layout_basic, grunt_ministairs_6
D:4:      layout_cave_pools
D:5:      black_bear_nest_2, layout_loops_ring, mainiacjoe_overflow_catwalk,
          minmay_temple_entry_statues_pillars, serial_shops,
          nicolae_stop_n_shop_2
D:6:      layout_loops_ring, nemelex_spade_bored_becter, lemuel_tele_altar,
          bloody_makhleb, mainiacjoe_overflow_divided_tiny
D:7:      layout_rooms, fedhas_altar_fruit_tree, enter_bailey_2,
          small_statue_intersection
Temple:   chequers_temple_sunken
Bailey:   bailey_polearm_5, bailey

Skill      XL: |  1  2  3  4  5  6  7  8  9 |
---------------+----------------------------+-----
Maces & Flails | 1 2 |  2.1
Evocations     | 4 |  4.8
Dodging        | 2 3 4 5 |  5.0
Fighting       | 2 3 4 |  4.5
Axes           | 1 4 5 7 |  7.0
Poison Magic   | 1 2 3 |  3.7
Spellcasting   | 2 3 |  3.9
Hexes          | 2 3 |  3.3
Armour         | |  2.0
Stealth        | |  1.0

Action                   |  1- 3 |  4- 6 |  7- 9 | 10-12 || total
-------------------------+-------+-------+-------+-------++-------
Melee: Club              |    99 |   106 |       |       ||   205
       Punch             |       |     3 |     5 |       ||     8
       Hand axe          |       |   100 |   174 |     8 ||   282
Evoke: Wand              |     7 |    15 |    12 |       ||    34
  Use: Scroll            |       |     1 |     5 |       ||     6
       Potion            |       |       |       |     1 ||     1
 Stab: Sleeping          |     2 |       |     3 |       ||     5
Armor: Leather armour    |    43 |    63 |    59 |     1 ||   166
Dodge: Dodged            |    83 |   204 |   143 |     4 ||   434
